AoeStats
← DeMoTiX

Black Forest

510105227Analyzed
4v4 RM · 1d ago on Sep 29, 2026· 66m 21s· 8 players
Game mode
Random Map
Map size
Large (8 player)
Population
200
Speed
Normal
Resources
Standard
Victory
Conquest
Starting age
Dark Age
Ending age
Imperial Age
RankedLock teamsTeams togetherTeam positionsShared explorationLock speedFull tech treeHidden civsTurbo modeCheats
Victory
Defeat
🇳🇱 Ethiopians · Netherlands
858
+16
🇩🇪 Lithuanians · Germany
786
+19
🇮🇹 Burgundians · Italy
780
+19
🇩🇪 Britons · Germany
752
+20
🇮🇳 Bohemians · India
874
-20
🇨🇳 Spanish · China
845
-18
🇧🇴 Chinese · Bolivia
843
-18
🇨🇱 Byzantines · Chile
839
-18
Sm0k1nG040
12:53 Feudal Age
17:04 Castle Age
15:30 Double-Bit Axe
16:30 Horse Collar
17:45 Wheelbarrow
19:00 Bow Saw
24:10 Heavy Plow
24:14 Gold Mining
26:30 Gold Shaft Mining
32:15 Imperial Age
29:33 Loom
30:05 Hand Cart
30:43 Caravan
31:11 Fletching
31:23 Padded Archer Armor
32:27 Bodkin Arrow
32:49 Leather Archer Armor
33:56 Chemistry
33:18 Ballistics
33:36 Conscription
33:25 Bracer
33:21 Crossbowman
34:27 Thumb Ring
34:29 Arbalester
35:58 Ring Archer Armor
36:52 Two-Man Saw
38:01 Coinage
39:50 Banking
46:10 Scale Barding Armor
46:16 Forging
47:48 Light Cavalry
48:31 Husbandry
47:54 Cavalier
50:44 Chain Barding Armor
52:51 Iron Casting
60:37 Blast Furnace
Renju94
0:38 Loom
6:51 Double-Bit Axe
11:23 Feudal Age
13:02 Gold Mining
14:35 Bow Saw
20:54 Castle Age
18:43 Horse Collar
19:46 Gold Shaft Mining
26:18 Burgundian Vineyards
28:16 Heavy Plow
29:44 Two-Man Saw
32:38 Imperial Age
31:41 Scale Barding Armor
32:28 Forging
34:13 Town Watch
35:04 Wheelbarrow
35:04 Crop Rotation
35:31 Iron Casting
35:30 Cavalier
37:37 Blast Furnace
38:52 Chain Barding Armor
39:48 Chemistry
38:56 Treadmill Crane
38:58 Paladin
39:08 Elite Skirmisher
40:33 Plate Barding Armor
40:45 Husbandry
42:50 Padded Archer Armor
42:41 Fletching
45:59 Leather Archer Armor
45:39 Bodkin Arrow
49:27 Hand Cart
49:47 Bracer
51:21 Coinage
52:16 Scale Mail Armor
52:49 Banking
52:50 Sanctity
52:41 Fervor
53:27 Caravan
55:45 Conscription
55:36 Herbal Medicine
57:48 Elite Coustillier
Neuronians
0:27 Loom
15:17 Feudal Age
16:42 Wheelbarrow
15:58 Double-Bit Axe
16:26 Horse Collar
18:37 Gold Mining
18:38 Stone Mining
27:14 Castle Age
28:12 Hand Cart
27:58 Heavy Plow
28:10 Bow Saw
28:38 Town Watch
28:58 Caravan
30:07 Town Patrol
30:26 Forging
32:58 Husbandry
33:08 Bloodlines
35:31 Imperial Age
34:38 Iron Casting
35:43 Scale Barding Armor
37:17 Crop Rotation
38:12 Two-Man Saw
39:43 Conscription
39:49 Treadmill Crane
41:10 Chemistry
40:30 Ballistics
40:04 Fletching
40:14 Padded Archer Armor
41:33 Coinage
41:14 Guilds
41:01 Elite Leitis
42:04 Chain Barding Armor
41:40 Bodkin Arrow
42:00 Leather Archer Armor
42:34 Herbal Medicine
43:41 Tower Shields
46:34 Plate Barding Armor
46:00 Bracer
46:30 Ring Archer Armor
52:40 Murder Holes
52:55 Masonry
52:56 Fortified Wall
53:07 Bombard Tower
52:37 Guard Tower
57:48 Onager
59:31 Keep
59:27 Architecture
DerWolff
16:38 Feudal Age
17:52 Double-Bit Axe
17:53 Horse Collar
21:18 Castle Age
29:19 Caravan
30:44 Loom
31:35 Wheelbarrow
30:46 Town Watch
31:08 Husbandry
31:35 Scale Barding Armor
31:41 Forging
31:22 Fletching
31:32 Padded Archer Armor
36:43 Imperial Age
35:11 Fortified Wall
35:30 Ballistics
35:06 Murder Holes
36:54 Elite Longbowman
37:47 Pikeman
38:28 Squires
40:22 Chemistry
39:52 Conscription
41:26 Onager
54:08 Cavalier
55:54 Leather Archer Armor
55:35 Bodkin Arrow
55:42 Scale Mail Armor
56:17 Iron Casting
59:28 Town Patrol
60:18 Bow Saw
60:47 Ring Archer Armor
60:18 Bracer
61:19 Blast Furnace
60:39 Chain Barding Armor
64:31 Halberdier
fapastengames
0:58 Loom
14:24 Feudal Age
16:56 Horse Collar
17:04 Double-Bit Axe
21:09 Castle Age
21:35 Wheelbarrow
23:23 Caravan
25:29 Hand Cart
29:12 Gold Mining
29:12 Stone Mining
29:21 Stone Mining
29:51 Bow Saw
29:51 Heavy Plow
34:09 Imperial Age
33:58 Forging
34:00 Scale Barding Armor
35:26 Logistica
36:12 Conscription
36:41 Iron Casting
36:26 Chain Barding Armor
36:27 Elite Cataphract
38:16 Stone Shaft Mining
38:19 Gold Shaft Mining
38:46 Two-Man Saw
38:30 Crop Rotation
39:41 Husbandry
41:20 Plate Barding Armor
40:45 Scale Mail Armor
40:16 Heavy Camel Rider
47:00 Fletching
47:10 Padded Archer Armor
47:26 Chain Mail Armor
47:20 Pikeman
48:01 Squires
47:48 Arson
47:49 Gambesons
47:33 Elite Skirmisher
48:19 Thumb Ring
49:47 Halberdier
50:47 Bodkin Arrow
51:07 Leather Archer Armor
51:30 Bracer
52:01 Plate Mail Armor
56:01 Ring Archer Armor
59:04 Chemistry
58:25 Ballistics
58:16 Fortified Wall
57:46 Treadmill Crane
57:52 Arrowslits
DeMoTiX
0:43 Loom
15:29 Feudal Age
15:35 Feudal Age
22:44 Castle Age
22:52 Stone Mining
28:06 Double-Bit Axe
28:17 Gold Mining
29:09 Fletching
29:32 Horse Collar
30:03 Bow Saw
31:06 Wheelbarrow
32:20 Gold Shaft Mining
33:08 Pikeman
34:28 Hand Cart
34:12 Town Watch
41:52 Bloodlines
41:42 Husbandry
41:52 Bodkin Arrow
42:04 Scale Barding Armor
45:31 Man-at-Arms
46:33 Elite Skirmisher
47:18 Thumb Ring
54:06 Heavy Plow
54:12 Crossbowman
氕氘氚
9:20 Loom
15:50 Feudal Age
16:11 Horse Collar
21:28 Castle Age
24:22 Heavy Plow
28:45 Wheelbarrow
31:59 Imperial Age
29:16 Town Watch
30:34 Padded Archer Armor
30:25 Fletching
31:09 Hand Cart
31:14 Town Patrol
31:57 Caravan
32:51 Double-Bit Axe
33:38 Leather Archer Armor
33:19 Bodkin Arrow
35:06 Elite Conquistador
38:30 Conscription
38:37 Conscription
38:53 Ring Archer Armor
38:23 Bracer
41:30 Chemistry
41:00 Ballistics
55:29 Cavalier
56:10 Husbandry
56:45 Husbandry
56:58 Bloodlines
56:33 Paladin
57:27 Scale Barding Armor
57:33 Forging
61:53 Chain Barding Armor
62:09 Iron Casting
darockstar686
10:50 Feudal Age
16:53 Castle Age
21:08 Horse Collar
21:15 Double-Bit Axe
26:12 Fervor
27:22 Wheelbarrow
26:51 Heavy Plow
27:04 Bow Saw
27:06 Caravan
28:49 Hand Cart
30:32 Scale Mail Armor
30:33 Padded Archer Armor
30:24 Fletching
30:44 Forging
34:38 Imperial Age
31:54 Loom
31:56 Town Watch
33:15 Chemistry
33:42 Town Patrol
35:10 Chain Mail Armor
35:10 Leather Archer Armor
34:51 Bodkin Arrow
35:32 Iron Casting
35:19 Ballistics
34:55 Murder Holes
35:12 Masonry
34:54 Guard Tower
35:15 Fortified Wall
35:07 Pikeman
35:48 Squires
35:33 Arson
35:12 Elite Hussite Wagon
36:13 Conscription
37:48 Plate Mail Armor
37:49 Ring Archer Armor
37:31 Wagenburg Tactics
39:14 Architecture
39:46 Two-Man Saw
39:26 Coinage
39:07 Guilds
39:03 Halberdier
39:44 Houfnice
44:48 Bombard Tower
45:05 Keep
44:17 Arrowslits
44:38 Siege Engineers
45:39 Blast Furnace
44:40 Bracer
55:11 Man-at-Arms
56:51 Banking
56:37 Elite Skirmisher
59:09 Long Swordsman
60:09 Two-Handed Swordsman
60:49 Champion
Connection lost

Rejoining the realm…

Still unreachable

The connection could not be restored.

Session expired

The server has moved on; the page needs a fresh start.